 Dungeon Crawl Stone Soup version 0.27-a0-773-gaaee5cf45b (webtiles) character file.

Game seed: 11386295871423707019

51 leviel the Skirmisher (level 3, -1/34 HPs)
             Began as a Hill Orc Fighter on Mar 25, 2021.
             Slain by a goblin
             ... wielding a +0 dagger
             ... led by Robin
              (2 damage)
             ... on level 2 of the Dungeon.
             The game lasted 00:01:07 (369 turns).

leviel the Skirmisher (Hill Orc Fighter)             Turns: 369, Time: 00:01:07

Health: -1/34      AC:  6    Str: 19    XL:     3   Next: 81%
Magic:  3/3        EV:  7    Int:  8    God:
Gold:   14         SH:  9    Dex: 10    Spells: 2/2 levels left

rFire    . . .     SeeInvis .   a - +0 war axe
rCold    . . .     Faith    .   c - +0 kite shield
rNeg     . . .     Spirit   .   b - +0 scale mail
rPois    .         Reflect  .   (no helmet)
rElec    .         Harm     .   (no cloak)
rCorr    .         Rampage  .   (no gloves)
Will     .....                  (no boots)
Stlth    ..........             (no amulet)
HPRegen  0.11/turn              (no ring)
MPRegen  0.08/turn              (no ring)

@: mighty
A: no striking features
a: no special abilities


You were on level 2 of the Dungeon.
You visited 1 branch of the dungeon, and saw 2 of its levels.

You collected 14 gold pieces.

Inventory:

Hand Weapons
 a - a +0 war axe (weapon)
Armour
 b - a +0 scale mail (worn)
 c - a +0 kite shield (worn)
Jewellery
 h - an amulet of the acrobat
Scrolls
 e - a scroll of teleportation {unknown}
 f - a scroll of fear {unknown}
 g - a scroll of enchant armour {unknown}
 i - a scroll of blinking {unknown}


   Skills:
 * Level 4.5 Fighting
 + Level 3.2 Axes
 + Level 3.5 Armour
 + Level 0.5 Dodging
 + Level 3.6 Shields


You had 2 spell levels left.
You didn't know any spells.
Your spell library was empty.

Dungeon Overview and Level Annotations

Branches:
Dungeon (1/15)

Altars:

Annotations:
D:2 Robin


Message History

You are too injured to fight recklessly!
You are too injured to fight recklessly!
You are too injured to fight recklessly!
You are too injured to fight recklessly!
You are too injured to fight recklessly!
You are too injured to fight recklessly!
You are too injured to fight recklessly!
You are too injured to fight recklessly!
You are too injured to fight recklessly!
You are too injured to fight recklessly!
You are too injured to fight recklessly!
You are too injured to fight recklessly!
You are too injured to fight recklessly!
You are too injured to fight recklessly!
Unknown command.
Unknown command.
You closely miss the goblin. x2
Your shield and scale mail prevent you from hitting the hobgoblin.
The goblin hits you but does no damage. The hobgoblin barely misses you.
The goblin barely misses you. The goblin hits you but does no damage.
The goblin barely misses you. The hobgoblin hits you.
* * * LOW HITPOINT WARNING * * *
You feel very mighty all of a sudden. The goblin hits you with a +0 club.
* * * LOW HITPOINT WARNING * * *
The hobgoblin hits you.
* * * LOW HITPOINT WARNING * * *
You block the goblin's attack.
You closely miss the goblin. You barely miss the goblin. You hit the hobgoblin.
You block the goblin's attack. You block the hobgoblin's attack.
The goblin barely misses you. The goblin hits you but does no damage.
You closely miss the hobgoblin.
The hobgoblin is almost dead.
You barely miss the goblin. You closely miss the goblin.
Robin points. "Kill!"
The hobgoblin barely misses you. You block the goblin's attack.
The goblin hits you with a +0 club.
* * * LOW HITPOINT WARNING * * *
The goblin hits you with a +0 dagger.
You die...

#.#..#### #.#..<†
######.......# ..#....
#............# ..#....
#............# ...#....
#.........#### ...#..##
#.....)...# ...#..#
#........g# ....#..#
#........g######......#..#
######..gg@g).......#.#..#
##.g##########.#.#..##
#.>....# #.#†#....
######.# #.#....## #.#
#.#.).... #.# #........
#.########.#####
#......>...# #.##########


You could see Robin, 3 hobgoblins and 2 goblins.

Vanquished Creatures
  Natasha (D:2)
  An adder (D:2)
  A giant cockroach (D:1)
  6 goblins
  3 hobgoblins
  A quokka (D:1)
  A kobold (D:2)
  2 rats
16 creatures vanquished.

Notes
Turn   | Place    | Note
-------+----------+-------------------------------------------
     0 | D:1      | leviel the Hill Orc Fighter began the quest for the Orb.
     0 | D:1      | Reached XP level 1. HP: 19/19 MP: 1/1
   123 | D:1      | You fall into a shaft and drop 1 floor!
   131 | D:2      | Reached skill level 4 in Fighting
   131 | D:2      | Reached XP level 2. HP: 27/27 MP: 2/2
   217 | D:2      | Noticed Natasha
   221 | D:2      | Noticed a crimson imp
   221 | D:2      | Killed Natasha
   222 | D:2      | Reached XP level 3. HP: 34/34 MP: 3/3
   360 | D:2      | Noticed Robin
   369 | D:2      | HP: 1/34 [goblin/+0 club[Robin] (1)]
   369 | D:2      | Slain by a goblin

Illustrated notes

Levels and vault maps discovered:
D:1:      lemuel_arrival_funnel, layout_basic, minmay_tetromino_l4
D:2:      layout_basic, kennysheep_generic_room_8, uniq_robin, uniq_natasha

Skill      XL: |  1  2 |
---------------+-------+-----
Fighting       | 4 |  4.5
Axes           | 3 |  3.2
Armour         | |  3.5
Dodging        | |  0.5
Shields        | |  3.6

Action                   || total
-------------------------++-------
Melee: War axe           ||    66
  Use: Potion            ||     1
Armor: Scale mail        ||    24
Dodge: Dodged            ||    28
Block: Kite shield       ||    40

Table legend: (Time is in decaauts)
 A = Elapsed time spent in this place.
 B = Non-inter-level travel time spent in this place.
 C = Inter-level travel time spent in this place.
 D = Time resting spent in this place.
 E = Time spent auto-exploring this place.
 F = Levels seen in this place.
 G = Mean time per level.
                   A        B        C        D        E       F      G
               +--------+--------+--------+--------+--------+-----+--------+
         Total |    412 |    412 |      0 |     43 |    210 |   2 |  206.0 |
       Dungeon |    412 |    412 |      0 |     43 |    210 |   2 |  206.0 |
               +--------+--------+--------+--------+--------+-----+--------+

Top non-repeatable levels by time:
     D:2: 275 daAuts
     D:1: 137 daAuts
